 Dungeon Crawl Stone Soup version 0.25-a0-558-g78a2afb0af (webtiles) character file.

Game seed: 15459727764916856971, levelgen mode: deterministic

88661 Flugslaktarn the Severer (level 16, 0/132 HPs)
             Began as a Formicid Fighter on Feb 24, 2020.
             Was an Initiate of Gozag.
             Slain by a naga warrior
             ... wielding a +0 halberd
              (17 damage)
             ... on level 2 of the Snake Pit.
             The game lasted 00:13:52 (21395 turns).

Flugslaktarn the Severer (Formicid Fighter)        Turns: 21395, Time: 00:13:53

Health: 0/132      AC: 28    Str: 31    XL:     16   Next: 41%
Magic:  17/19      EV: 17    Int:  7    God:    Gozag
Gold:   1450       SH: 21    Dex: 10    Spells: 15/15 levels left

rFire    . . .     SeeInvis +   a - +6 war axe of the Iron City of Dis {vorpal, Str+2}
rCold    . . .     Gourm    .   N - +0 tower shield
rNeg     . . .     Faith    .   t - +5 plate armour {ponderous}
rPois    +         Spirit   .   (helmet unavailable)
rElec    .         Reflect  .   c - +2 cloak {rPois}
rCorr    .         Harm     .   z - +2 pair of gloves
MR       +....                  (no boots)
Stlth    ..........             (no amulet)
HPRegen  0.32/turn              v - +4 ring of evasion
MPRegen  0.16/turn              D - +5 ring of evasion

@: lethally poisoned (0 -> 0), gold aura, slow
A: permanent stasis, dig shafts and tunnels, four strong arms, antennae 3
a: Dig, Shaft Self, Potion Petition, Call Merchant, Bribe Branch, Renounce
Religion


You were on level 2 of the Snake Pit.
You worshipped Gozag.
Gozag was most pleased with you.
You were very hungry.

You visited 5 branches of the dungeon, and saw 23 of its levels.

You collected 6079 gold pieces.
You spent 1212 gold pieces at shops.
You paid 3417 gold pieces to Gozag.

Inventory:

Hand Weapons
 a - the +6 war axe of the Iron City of Dis (weapon) {vorpal, Str+2}
   (You found it on level 12 of the Dungeon)

   It inflicts extra damage upon your enemies.
   It affects your strength (+2).
 b - a +2 vampiric war axe
   (You took it off a wight on level 5 of the Dungeon)
 j - a +5 battleaxe of electrocution
   (You took it off a naga on level 1 of the Snake Pit)
 u - a +0 war axe
 E - a +0 battleaxe
   (You took it off an orc knight on level 10 of the Dungeon)
Missiles
 J - 3 throwing nets (quivered)
Armour
 c - a +2 cloak of poison resistance (worn)
   (You bought it in a shop on level 1 of the Lair of Beasts)
 t - a +5 plate armour of ponderousness (worn)
   (You took it off an orc warrior on level 10 of the Dungeon)
 y - a +2 cloak
   (You found it on level 6 of the Dungeon)
 z - a +2 pair of gloves (worn)
   (You found it on level 5 of the Dungeon)
 N - a +0 tower shield (worn)
   (You took it off Louise on level 14 of the Dungeon)
 O - the +1 pair of gloves of a volcano {*Corrode rC+++ Dex+7 Stlth-}
   (You bought it in a shop on level 2 of the Orcish Mines)

   It affects your dexterity (+7).
   It renders you almost immune to cold.
   It may corrode you when you take damage.
   It makes you less stealthy.
   If you switch to wearing this armour, your AC will decrease by 1 (28 -> 27).
Jewellery
 f - an uncursed ring of protection from fire
   (You found it on level 1 of the Lair of Beasts)
 i - a +2 ring of evasion
   (You found it on level 1 of the Snake Pit)
 p - a +4 ring of protection
   (You found it on level 2 of the Snake Pit)
 v - a +4 ring of evasion (left hand)
   (You found it on level 9 of the Dungeon)
 D - a +5 ring of evasion (right hand)
   (You found it on level 11 of the Dungeon)
Wands
 k - a wand of paralysis (10)
   (You took it off Maurice on level 9 of the Dungeon)
 x - a wand of enslavement (21)
   (You found it on level 10 of the Dungeon)
 G - a wand of iceblast (18)
   (You found it on level 13 of the Dungeon)
 H - a wand of acid (5)
   (You found it on level 8 of the Dungeon)
 I - a wand of scattershot (1)
   (You found it on level 7 of the Dungeon)
Scrolls
 l - a scroll of fear
 m - 3 scrolls of remove curse
 n - 3 scrolls of magic mapping
 r - 2 scrolls of identify
 K - 3 scrolls of fog
Potions
 d - 3 potions of might
 g - a potion of invisibility {unknown}
 h - a potion of haste
 o - 3 potions of magic
 q - 3 potions of curing
 s - a potion of mutation
 w - a potion of heal wounds
 A - 3 potions of brilliance
 B - 4 potions of lignification
 C - a potion of cancellation {unknown}
 F - 4 potions of flight
 M - 3 potions of stabbing
Comestibles
 e - 19 rations


   Skills:
 * Level 13.7 Fighting
 * Level 18.3 Axes
 + Level 13.6 Armour
 + Level 14.7 Shields
 - Level 5.0 Evocations


You had 15 spell levels left.
You didn't know any spells.
Your spell library was empty.

Dungeon Overview and Level Annotations

Branches:
Dungeon (15/15)            Temple (1/1) D:7            Lair (2/6) D:11
 Shoals (0/4) Lair:2        Snake (3/4) Lair:2          Orc (2/2) D:10
    Elf (0/3) Orc:2        Vaults (0/5) D:13         Depths (0/5) D:15

Altars:
Ashenzari
Cheibriados
Dithmenos
Elyvilon
Fedhas
Gozag
Hepliaklqana
Kikubaaqudgha
Makhleb
Nemelex Xobeh
Okawaru
Qazlal
Ru
Sif Muna
Trog
Uskayaw
Vehumet
Wu Jian
Xom
Yredelemnul
Zin
The Shining One
Beogh

Shops:
D:5 (   Orc:2 :(*[[   Lair:1 *(

Annotations:
Snake:3 Mara


Innate Abilities, Weirdness & Mutations

You cannot be hasted, slowed, berserked, paralysed or teleported.
You can dig through walls and to a lower floor.
Your four strong arms can wield two-handed weapons with a shield.
You have a pair of large antennae on your head. (SInv)


Message History

You miss the mana viper.
The mana viper is severely wounded.
You block the mana viper's attack.
You slice the mana viper!!
You kill the mana viper!
You feel sick.
The naga sharpshooter shoots an arrow.
You block the arrow.
Things that are here:
7 gold pieces; an arrow You hit the naga sharpshooter.
The naga sharpshooter is lightly wounded.
You slash the naga warrior! You slash the naga sharpshooter!
The naga sharpshooter is heavily wounded.
You hit the naga warrior.
The naga sharpshooter casts a spell.
The naga sharpshooter magically shoots an arrow.
You block the arrow.
The naga warrior hits you with a +0 halberd!
You die...
Your body crumbles into a pile of gold.

#.###.##.........[......
###..#..........^.#.#..#
.....#.#.####>...#.(....
.....#.#.....###..###..
...#...........#....#
...###.#..##.##..##.#
###.####.#####....### #
......#.........# #..
#####..@N####### $
#.###N(......
###.{N....... {
#.({####.... #{.## ##.
$......$.N# ........N..
........#### $ ###....##


You could see a naga warrior and 2 naga sharpshooters.

Vanquished Creatures
  Frances (D:14)
  A nagaraja (Snake:2)
  An orc warlord (Orc:2)
  Louise (D:14)
  An ettin (D:15)
  A fire dragon (D:13)
  Fannar (D:11)
  Harold (D:8)
  4 naga warriors (Snake:1)
  3 hydras (D:14)
  2 centaur warriors
  4 vault guards (D:13)
  Erica (D:10)
  A death knight (D:15)
  3 two-headed ogres
  3 anacondas
  3 ogre magi
  3 tengu warriors
  2 naga sharpshooters (Snake:1)
  Urug (D:12)
  4 orc high priests (Orc:2)
  3 shock serpents
  2 deep elf knights
  A salamander mystic (Snake:2)
  4 naga ritualists (Snake:1)
  2 unseen horrors
  2 deep elf archers (D:13)
  A wizard (D:12)
  9 mana vipers
  7 orc sorcerers
  6 ugly things
  7 orc knights
  6 deep elf magi
  A manticore (D:11)
  3 salamanders
  2 cyclopes (D:13)
  14 black mambas
  Joseph (D:8)
  4 centaur zombies
  8 naga magi
  4 spiny frogs (Lair:1)
  A guardian serpent (Snake:1)
  Maurice (D:9)
  3 centaur skeletons
  A freezing wraith (D:12)
  An efreet (D:15)
  2 yaktaurs (D:15)
  A redback zombie (D:14)
  5 trolls
  A queen bee (D:9)
  A tengu conjurer (D:14)
  2 hornets (D:9)
  A polar bear (Lair:2)
  4 slime creatures (D:14)
  6 hippogriffs
  14 yaks
  A wraith (D:10)
  A vampire (D:12)
  A basilisk (D:14)
  3 wyverns
  A steam dragon (D:14)
  10 vampire mosquitoes
  A hungry ghost (D:9)
  2 wargs
  20 nagas
  A water moccasin (Lair:1)
  3 acid dragons
  2 soldier ants
  A porcupine (Lair:2)
  2 ice beasts
  31 orc warriors
  A sky beast (D:10)
  3 black bears
  3 phantoms
  2 necrophages
  3 ogres
  10 centaurs
  A big kobold (D:8)
  A crocodile (D:11)
  11 bullfrogs
  A gnoll sergeant (D:10)
  A wyvern zombie (D:11)
  8 scorpions
  38 killer bees
  A howler monkey (D:5)
  4 wights
  An electric eel (D:14)
  9 crimson imps
  A bullfrog zombie (D:12)
  5 hounds
  15 orc priests
  9 iguanas
  20 orc wizards
  10 worker ants
  2 killer bee zombies
  A hound zombie (D:5)
  A howler monkey zombie (D:7)
  2 worker ant zombies
  3 gnolls (D:10)
  10 adders
  4 shadow imps
  An adder zombie (D:5)
  An adder skeleton (D:4)
  2 dart slugs
  4 leopard geckos (D:9)
  87 orcs
  4 giant cockroaches
  4 goblins
  A hobgoblin (D:1)
  3 jackals (D:2)
  8 quokkas
  A ball python (D:1)
  2 bats (D:1)
  3 frilled lizards
  7 kobolds
  A leopard gecko zombie (D:8)
  6 rats
569 creatures vanquished.

Notes
Turn   | Place    | Note
-------+----------+-------------------------------------------
     0 | D:1      | Flugslaktarn the Formicid Fighter began the quest for the
                  | Orb.
     0 | D:1      | Reached XP level 1. HP: 18/18 MP: 1/1
   211 | D:1      | Reached XP level 2. HP: 24/24 MP: 2/2
   397 | D:2      | Reached XP level 3. HP: 14/29 MP: 3/3
   801 | D:2      | Noticed a wight
   801 | D:2      | Noticed a wight
   801 | D:2      | Noticed a wight
   807 | D:2      | Killed a wight
   807 | D:2      | Reached skill level 3 in Axes
   807 | D:2      | Reached XP level 4. HP: 23/37 MP: 4/4
   819 | D:3      | Reached XP level 5. HP: 17/42 MP: 5/5
  1230 | D:4      | Reached XP level 6. HP: 48/48 MP: 6/6
  1280 | D:4      | Reached skill level 4 in Axes
  1784 | D:4      | Found a white marble altar of Elyvilon.
  2089 | D:5      | Entered Level 5 of the Dungeon
  2097 | D:5      | Reached skill level 5 in Shields
  2192 | D:5      | Reached XP level 7. HP: 9/55 MP: 7/7
  2990 | D:5      | Reached skill level 5 in Axes
  3020 | D:5      | Found Wesmik's Weapon Shoppe.
  3250 | D:5      | Reached skill level 5 in Fighting
  3250 | D:5      | Reached skill level 5 in Armour
  3394 | D:5      | Reached XP level 8. HP: 48/62 MP: 8/8
  3816 | D:6      | Reached skill level 6 in Axes
  4029 | D:6      | Found a shattered altar of Ashenzari.
  4660 | D:7      | Found a staircase to the Ecumenical Temple.
  4678 | Temple   | Entered the Ecumenical Temple
  4736 | Temple   | Became a worshipper of Gozag Ym Sagoz the Greedy
  4841 | D:7      | Reached XP level 9. HP: 54/69 MP: 9/9
  4921 | D:7      | Reached skill level 7 in Axes
  5011 | D:7      | Found a stormy altar of Qazlal.
  5175 | D:7      | Found a hide-covered altar of Uskayaw.
  5460 | D:8      | Noticed Harold
  5477 | D:8      | Killed Harold
  5477 | D:8      | Reached skill level 8 in Axes
  5554 | D:8      | HP: 3/72 [orc warrior/+0 halberd (7)]
  5888 | D:8      | Noticed Joseph
  5904 | D:8      | Killed Joseph
  5904 | D:8      | Reached XP level 10. HP: 79/79 MP: 10/10
  6026 | D:8      | Identified a scroll of acquirement
  6026 | D:8      | Identified the ring of Zyanirrirche {rF+ MR+ Int+3 Slay+2}
                  | (You acquired it on level 8 of the Dungeon)
  6105 | D:8      | Reached skill level 9 in Axes
  6160 | D:8      | Noticed a two-headed ogre
  6168 | D:8      | Killed a two-headed ogre
  6228 | D:8      | Reached skill level 10 in Axes
  6689 | D:9      | Noticed Maurice
  6714 | D:9      | Killed Maurice
  6859 | D:9      | Reached skill level 11 in Axes
  6870 | D:9      | Reached XP level 11. HP: 70/87 MP: 11/11
  7034 | D:9      | Reached skill level 12 in Axes
  7500 | D:10     | Entered Level 10 of the Dungeon
  7549 | D:10     | Noticed an unseen horror
  7560 | D:10     | Killed an unseen horror
  7602 | D:10     | Reached skill level 10 in Shields
  7843 | D:10     | Reached skill level 13 in Axes
  8019 | D:10     | Noticed a two-headed ogre
  8033 | D:10     | Killed a two-headed ogre
  8207 | D:10     | Noticed an orc knight
  8208 | D:10     | Found a roughly hewn altar of Beogh.
  8429 | D:10     | Killed an orc knight
  8613 | D:10     | Noticed an orc knight
  8618 | D:10     | Found a staircase to the Orcish Mines.
  8628 | D:10     | Reached XP level 12. HP: 63/96 MP: 12/12
  9014 | D:10     | Noticed Erica
  9025 | D:10     | Killed Erica
  9025 | D:10     | Reached skill level 14 in Axes
  9594 | D:11     | Noticed Fannar
  9618 | D:11     | Killed Fannar
  9618 | D:11     | Reached skill level 10 in Fighting
  9618 | D:11     | Reached skill level 10 in Armour
  9817 | D:11     | Found a staircase to the Lair.
 10496 | D:12     | Got a twisted war axe
 10513 | D:12     | Identified the +6 war axe of the Iron City of Dis {vorpal,
                  | Str+2} (You found it on level 12 of the Dungeon)
 10873 | D:12     | Noticed a +8 long sword
 10873 | D:12     | Noticed a deep elf knight
 10890 | D:12     | Killed a deep elf knight
 10890 | D:12     | Noticed Urug
 10905 | D:12     | Killed Urug
 10905 | D:12     | Reached skill level 15 in Axes
 11529 | D:13     | Reached XP level 13. HP: 96/104 MP: 13/13
 11981 | D:13     | Noticed a fire dragon
 12003 | D:13     | Killed a fire dragon
 12440 | D:13     | Noticed a vault guard
 12481 | D:13     | Noticed a vault guard
 12487 | D:13     | Noticed a vault guard
 12502 | D:13     | Killed a vault guard
 12704 | D:13     | Killed a vault guard
 12926 | D:13     | Found a gate to the Vaults.
 12926 | D:13     | Noticed a vault guard
 12926 | D:13     | Noticed a vault guard
 12933 | D:13     | Killed a vault guard
 12937 | D:13     | Killed a vault guard
 13196 | D:14     | Noticed a centaur warrior
 13199 | D:14     | Noticed Frances
 13209 | D:14     | Killed a centaur warrior
 13209 | D:14     | Reached skill level 16 in Axes
 13216 | D:14     | HP: 3/106 [Frances/iron shot (39)]
 13224 | D:14     | Killed Frances
 13659 | D:14     | Noticed Louise
 13663 | D:14     | Noticed an eight-headed hydra
 13687 | D:14     | Killed a 19-headed hydra
 13687 | D:14     | Reached XP level 14. HP: 58/114 MP: 14/14
 13707 | D:14     | Killed Louise
 14304 | D:14     | Reached skill level 1 in Evocations
 15080 | D:15     | Entered Level 15 of the Dungeon
 15390 | D:15     | Found a hazy altar of Hepliaklqana.
 15779 | D:15     | Reached skill level 17 in Axes
 16122 | D:15     | Found a staircase to the Depths.
 16342 | Lair:1   | Entered Level 1 of the Lair of Beasts
 16348 | Lair:1   | Bought a +1 cloak of poison resistance for 162 gold pieces
 16378 | Lair:1   | Reached XP level 15. HP: 122/122 MP: 18/18
 16745 | Orc:1    | Entered Level 1 of the Orcish Mines
 16764 | Orc:1    | You fall into a shaft and drop 1 floor!
 16764 | Orc:2    | Entered Level 2 of the Orcish Mines
 16824 | Orc:2    | Noticed an orc warlord
 16884 | Orc:2    | Killed an orc warlord
 16884 | Orc:2    | Reached skill level 5 in Evocations
 17170 | Orc:2    | Found a staircase to the Elven Halls.
 17618 | Orc:2    | Found Seunt's Antique Armour Emporium.
 17619 | Orc:2    | Found Wyiliaqa's Antique Weapon Emporium.
 17620 | Orc:2    | Found Fampif's General Store.
 17620 | Orc:2    | Found Udghomn's Book Shoppe.
 17636 | Orc:2    | Bought a pair of transparent gloves for 266 gold pieces
 17636 | Orc:2    | Bought a shimmering plate armour for 784 gold pieces
 17646 | Orc:2    | Identified the cursed +1 plate armour of the Albatross
                  | {Str+6 Slay-4} (You bought it in a shop on level 2 of the
                  | Orcish Mines)
 17656 | Orc:2    | Identified the +1 pair of gloves of a volcano {*Corrode
                  | rC+++ Dex+7 Stlth-} (You bought it in a shop on level 2 of
                  | the Orcish Mines)
 18303 | Lair:2   | Found a staircase to the Shoals.
 18535 | Lair:2   | Found a staircase to the Snake Pit.
 18586 | Snake:1  | Entered Level 1 of the Snake Pit
 19397 | Snake:1  | Reached XP level 16. HP: 131/131 MP: 19/19
 19522 | Snake:1  | Reached skill level 18 in Axes
 20405 | Snake:2  | Noticed a nagaraja
 20415 | Snake:2  | Killed a nagaraja
 20500 | Snake:3  | Noticed Mara
 20502 | Snake:3  | Noticed Flugslaktarn's illusion
 20512 | Snake:3  | HP: 5/131 [Flugslaktarn's illusion (illusionary)[Mara]
                  | (17)]
 21049 | Snake:3  | Noticed Flugslaktarn's illusion
 21395 | Snake:2  | Slain by a naga warrior

Levels and vault maps discovered:
D:1:      psy_arrival_basics, layout_loops_ring
D:2:      layout_basic, minmay_tetromino_i2
D:3:      layout_basic, uniq_jessica
D:4:      layout_loops_cross, elyvilon_altar_4
D:5:      minmay_polygon_palace, layout_basic, serial_shops,
          nicolae_shop_behind_doors, first_ration
D:6:      layout_loops_corners, nicolae_ashenzari_panopticon
D:7:      layout_rooms, lemuel_doored_altar, minmay_temple_entry_water_ring,
          nicolae_qazlal_eye_of_the_storm
D:8:      layout_gridville, serial_glass, glass_columns_a, glass_columns_a,
          minmay_strange_pillars, minmay_strange_pillars,
          hangedman_decor_lopped, uniq_joseph, uniq_harold
D:9:      layout_rooms, special_room [special_room_bee],
          hangedman_pestilent_swarm, hangedman_abyss_or_decor_lesser_grid,
          uniq_maurice
D:10:     layout_loops_corners, david_orc_5, uniq_erica
D:11:     layout_loops_corners, lair_entry_dummy,
          chequers_serial_rivers_micro_d, minivault_22, minivault_25,
          minmay_fountain_box, uniq_fannar
D:12:     layout_stronghold, sword_in_stone
D:13:     layout_cave_pools, grunt_vaults_entry_fortified
D:14:     layout_long_grid, fountainhead, skrybe_limestone_x, uniq_frances,
          uniq_louise
D:15:     hangedman_depths_entry_civil_slaughter, layout_long_grid,
          old_standard_altar
Temple:   compressed_dpeg_circular_temple
Lair:1:   layout_concentric_octagons
Lair:2:   layout_regular_city, elwin_shoals_entry_rocks,
          minmay_snake_entry_guardpost_medium
Snake:1:  cheibrodos_snake_ritualist_ritual, layout_cave_shapes
Snake:2:  layout_onion_interference, basic_altar
Snake:3:  layout_grid_maze, serial_shops, nicolae_shop_waterfront,
          minmay_snake_pond, uniq_mara, uniq_azrael
Orc:1:    layout_diamond_mine, uniq_jorgrun, uniq_erolcha, uniq_nergalle
Orc:2:    st_orc_congregation, layout_diamond_mine

Skill      XL: |  1  2  3  4  5  6  7  8  9 10 11 12 13 14 15 16 |
---------------+-------------------------------------------------+-----
Shields        | 4 5 6 7 9 10 11 12 13 14 | 14.7
Axes           | 3 4 5 6 8 11 13 15 16 17 18 | 18.3
Armour         | 4 5 6 7 8 9 10 11 12 13 | 13.6
Fighting       | 4 5 6 7 8 9 10 11 12 13 | 13.7
Evocations     | 4 5 |  5.0

Action                   |  1- 3 |  4- 6 |  7- 9 | 10-12 | 13-15 | 16-18 || total
-------------------------+-------+-------+-------+-------+-------+-------++-------
Melee: War axe           |    74 |   126 |   278 |   761 |   967 |    38 ||  2244
       Battleaxe         |       |       |       |       |       |   122 ||   122
Invok: Potion Petition   |       |       |       |     1 |     3 |       ||     4
       Call Merchant     |       |       |       |       |     3 |       ||     3
 Abil: Dig               |       |       |       |     1 |       |       ||     1
Evoke: Wand              |       |       |       |       |     7 |       ||     7
  Use: Scroll            |       |       |       |    18 |    12 |     4 ||    34
       Potion            |       |       |       |     1 |     7 |       ||     8
 Stab: Sleeping          |       |       |       |    23 |    25 |       ||    48
       Distracted        |       |       |       |     7 |       |     1 ||     8
       Invisible         |       |       |       |     1 |     3 |       ||     4
  Eat: Chunk             |       |     4 |     6 |       |       |       ||    10
       Ration            |       |       |     2 |     6 |     7 |     2 ||    17
Armor: Scale mail        |    28 |       |       |       |       |       ||    28
       Chain mail        |     5 |    54 |   131 |     1 |       |       ||   191
       Plate armour      |       |       |       |   293 |   252 |    42 ||   587
Dodge: Dodged            |    37 |    36 |    69 |   201 |   388 |    53 ||   784
Block: Kite shield       |    49 |    79 |   139 |   454 |   146 |       ||   867
       Tower shield      |       |       |       |       |   641 |   171 ||   812

Table legend:
 A = Non-vault XP
 B = Vault XP
 C = Vault XP percentage of total XP
 D = Non-vault monster count
 E = Vault monster count
 F = Vault count percentage of total count
                 A         B        C        D         E       F
            +---------+---------+-------+---------+---------+-------
      Total |   85671 |   40988 |  32.4 |     413 |     156 |  27.4
            +---------+---------+-------+---------+---------+-------
        D:1 |      19 |       0 |   0.0 |      12 |       0 |   0.0
        D:2 |     134 |       4 |   2.9 |      13 |       1 |   7.1
        D:3 |      65 |       0 |   0.0 |       5 |       0 |   0.0
        D:4 |     250 |       0 |   0.0 |      12 |       0 |   0.0
        D:5 |     220 |     465 |  67.9 |       7 |      10 |  58.8
        D:6 |     691 |       0 |   0.0 |      14 |       0 |   0.0
        D:7 |     380 |       0 |   0.0 |      13 |       0 |   0.0
        D:8 |    1900 |    1452 |  43.3 |      33 |       2 |   5.7
        D:9 |    1897 |    2889 |  60.4 |      28 |      29 |  50.9
       D:10 |    4015 |    3039 |  43.1 |      26 |      25 |  49.0
       D:11 |    2971 |     958 |  24.4 |      24 |       1 |   4.0
       D:12 |    3040 |    2287 |  42.9 |      23 |       3 |  11.5
       D:13 |    7071 |    6842 |  49.2 |      25 |       9 |  26.5
       D:14 |   14367 |    4072 |  22.1 |      38 |       2 |   5.0
       D:15 |    8869 |    4396 |  33.1 |      19 |       6 |  24.0
     Lair:1 |    4069 |       0 |   0.0 |      15 |       0 |   0.0
     Lair:2 |     508 |     824 |  61.9 |       3 |       5 |  62.5
    Snake:1 |   22249 |    2984 |  11.8 |      44 |       5 |  10.2
    Snake:2 |    8856 |       0 |   0.0 |      15 |       0 |   0.0
    Snake:3 |    1143 |       0 |   0.0 |       3 |       0 |   0.0
      Orc:1 |     349 |       0 |   0.0 |       4 |       0 |   0.0
      Orc:2 |    2608 |   10776 |  80.5 |      37 |      58 |  61.1
            +---------+---------+-------+---------+---------+-------
